 Dungeon Crawl Stone Soup version 0.31.0-32-g396128a36d (webtiles) character file.

Game seed: 385908825014906336

1997 spaghetti the Reanimator (level 9, -2/78 HPs)
             Began as a Naga Necromancer on Mar 13, 2024.
             Was an Initiate of Gozag.
             Shot with an arrow by a centaur (6 damage)
             ... on level 7 of the Dungeon.
             The game lasted 00:09:51 (6608 turns).

spaghetti the Reanimator (Naga Necromancer)         Turns: 6608, Time: 00:09:52

Health: -2/78      AC: 11    Str:  8    XL:     9   Next: 21%
Magic:  16/18      EV:  2    Int: 20    God:    Gozag
Gold:   130        SH:  5    Dex: 21    Spells: 15/20 levels left

rFire   . . .        a - +1 rapier (venom)
rCold   + + +        (no shield)
rNeg    . . .        o - +2 chain mail {rC+}
rPois   +            p - +0 helmet
rElec   +            h - +0 cloak
rCorr   +            (no gloves)
SInv    +            (no barding)
Will    +....        l - amulet of reflection
Stlth   +            c - ring of Tun Ifim {Ice Int+3 Stlth+}
HPRegen 0.33/turn    (no ring)
MPRegen 0.16/turn

%: reflection
@: resistant, gold aura, very slightly contaminated, very slow
A: AC +3, large, see invisible, deformed body, poison resistance, slowness 2,
spit poison 1, naga tail 1, agile 2, screaming 1
a: Spit Poison, Renounce Religion, Potion Petition, Call Merchant, Bribe Branch


You were on level 7 of the Dungeon.
You worshipped Gozag.
Gozag was aware of your devotion.
You visited 2 branches of the dungeon, and saw 8 of its levels.

You collected 512 gold pieces.
You paid 382 gold pieces to Gozag.

Inventory:

Hand Weapons
 a - a +1 rapier of venom (weapon)
 b - a +2 short sword of protection
Armour
 h - a +0 cloak (worn)
 o - a +2 chain mail of cold resistance (worn)
 p - a +0 helmet (worn)
Jewellery
 c - the ring of Tun Ifim (left hand) {Ice Int+3 Stlth+}
   (You found it on level 2 of the Dungeon)

   [ring of ice]

   Ice:       It enhances your ice magic.
   Int+3:     It affects your intelligence (+3).
   rF-:       It makes you vulnerable to fire.
   rC+:       It protects you from cold.
   Stlth+:    It makes you more stealthy.
 l - an amulet of reflection (around neck)
Wands
 d - a wand of flame (20)
 m - a wand of light (10)
 n - a wand of mindburst (26)
Scrolls
 e - a scroll of fog
 f - a scroll of amnesia
 i - 3 scrolls of vulnerability
 v - a scroll of identify
Potions
 s - a potion of degeneration


   Skills:
 - Level 3.9 Fighting
 - Level 1.5 Dodging
 - Level 3.0 Stealth
 - Level 6.0 Spellcasting
 + Level 10.0 Necromancy


You had 15 spell levels left.
You knew the following spells:

 Your Spells              Type           Power      Damage    Failure   Level
a - Necrotise             Necr           100%       1d9       17%         1
b - Animate Dead          Necr           46%        N/A       86%         4

Your spell library contained the following spells:

 Spells                   Type           Power      Damage    Failure   Level
 Fugue of the Fallen      Necr           46%        N/A       45%         3
 Vampiric Draining        Necr           46%        2d9       45%         3
 Curse of Agony           Necr           46%        N/A       99%         5
 Freeze                   Ice            36%        1d5       100%        1
 Magic Dart               Conj           24%        1d4       100%        1
 Sandblast                Erth           12%        2d6       100%        1
 Searing Ray              Conj           12%        2d4       100%        2
 Frozen Ramparts          Ice            18%        1d3       100%        3
 Hailstorm                Conj/Ice       9%         3d6       100%        3
 Ozocubu's Armour         Ice            9%         N/A       100%        3
 Passwall                 Erth           6%         N/A       100%        3
 Stone Arrow              Conj/Erth      12%        3d7       100%        3
 Brom's Barrelling Bould  Conj/Erth      6%         2d3       100%        4
 Fulminant Prism          Conj/Alch      3%         3d5       100%        4
 Manifold Assault         Tloc           6%         N/A       100%        4


Dungeon Overview and Level Annotations

Branches:
Dungeon (7/15)             Temple (1/1) D:4

Altars:
Ashenzari
Cheibriados
Dithmenos
Elyvilon
Fedhas
Gozag
Hepliaklqana
Kikubaaqudgha
Makhleb
Nemelex Xobeh
Okawaru
Qazlal
Ru
Sif Muna
Trog
Uskayaw
Vehumet
Xom
Yredelemnul
Zin
The Shining One


Innate Abilities, Weirdness & Mutations

Your serpentine skin is tough. (AC +3)
You have supernaturally acute eyesight. (SInv)
Armour fits poorly on your strangely shaped body.
Your system is resistant to poisons. (rPois)
You cover ground very slowly.
You can spit poison.
You have a snake-like lower body.
You are very agile. (Dex +8, Str/Int -2)
You occasionally shout uncontrollably at your foes.


Message History

Aim: a yak (almost dead, extremely poisoned, chance to affect: 83%)
The yak writhes in agony.
You kill the yak!
Training target 6.0 for Spellcasting reached!
Your Spellcasting skill increases to level 6!
You need to enable at least one skill for training.
Unknown command.
Okay, then.
Okay, then.
Aiming: Bolt of Light
Press: ? - help, Shift-Dir - straight line, f - yak
Aim: a yak (83% to hit)
The bolt of light hits the yak!
The yak is moderately wounded.
The yak is blinded.
You block the yak's attack.
Aiming: Bolt of Light
Press: ? - help, Shift-Dir - straight line, f - centaur, p - yak
Aim: a centaur (wandering, hasn't noticed you, 83% to hit)
The bolt of light hits the yak!
The yak is severely wounded.
The bolt of light hits the centaur!
The centaur is heavily wounded.
The centaur shouts!
The centaur is blinded.
The centaur wields a +0 shortbow.
The centaur shoots an arrow.
The arrow hits the yak!
The yak gores you!
* * * LOW HITPOINT WARNING * * *
Okay, then.
Okay, then.
Okay, then.
Okay, then.
Aiming: Bolt of Light
Press: ? - help, Shift-Dir - straight line, f/p - centaur
Aim: a centaur, wielding a +0 shortbow (heavily wounded, blind, unable to see you, 83% to hit)
The bolt of light hits the yak!
You kill the yak!
The bolt of light hits the centaur!
The centaur is almost dead.
The centaur shoots an arrow.
The arrow hits you.
You die...
Your body crumbles into a pile of gold.

#.......................
###8###8##...##8###8##..
#######...#### ## #..
#..#8...8# #..
#..##...## #.. #..##...#
#.. #.(##...## #..
#.<#8...8# #..
#.@##$..## #.. ##.$$c..#
#.. ######## #.. #.. #..
#.. #.. #.. #..


You could see a centaur (blind, unable to see you).

Vanquished Creatures
  Sigmund (D:2)
  2 yaks (D:7)
  A water moccasin (D:7)
  An ice beast (D:5)
  A black bear (D:5)
  An ogre (D:5)
  2 centaurs
  4 phantoms
  3 scorpions
  2 killer bees (D:7)
  3 bombardier beetles
  2 jellies
  2 gnoll boudas
  An orc priest (D:3)
  A hound (D:7)
  A sleepcap (D:6)
  Ijyb (D:4)
  An orc wizard (D:5)
  11 gnolls
  5 adders
  A shadow imp (D:6)
  A white imp (D:6)
  2 ufetubi (D:6)
  20 orcs
  8 ball pythons
  4 endoplasms
  2 giant cockroaches (D:2)
  5 goblins
  6 hobgoblins
  2 jackals (D:2)
  3 kobolds
  5 quokkas
  2 bats
  A frilled lizard (D:3)
  4 rats
112 creatures vanquished.

Vanquished Creatures (collateral kills)
  2 endoplasms (D:2)
  A ball python (D:3)
3 creatures vanquished.

Grand Total: 115 creatures vanquished

Notes
Turn   | Place    | Note
-------+----------+-------------------------------------------
     0 | D:1      | spaghetti the Naga Necromancer began the quest for the Orb.
     0 | D:1      | Reached XP level 1. HP: 15/15 MP: 3/3
   143 | D:1      | You fall into a shaft and drop 1 floor!
   210 | D:2      | Reached XP level 2. HP: 22/22 MP: 1/5
   422 | D:2      | Identified the ring of Tun Ifim {Ice Int+3 Stlth+}
   491 | D:2      | Reached XP level 3. HP: 27/28 MP: 4/7
   611 | D:2      | Noticed Sigmund
   619 | D:2      | Killed Sigmund
   620 | D:2      | Reached skill level 5 in Spellcasting
   620 | D:2      | Reached XP level 4. HP: 9/37 MP: 7/11
   620 | D:2      | Reached XP level 5. HP: 10/43 MP: 7/12
   681 | D:2      | Reached skill level 1 in Fighting
  1319 | D:3      | Reached XP level 6. HP: 52/52 MP: 6/13
  1682 | D:3      | Found a faded altar of an unknown god.
  2244 | D:4      | Found a staircase to the Ecumenical Temple.
  2290 | D:4      | Reached XP level 7. HP: 27/62 MP: 11/15
  2293 | D:4      | Reached skill level 5 in Necromancy
  2512 | D:4      | Noticed Ijyb
  2516 | D:4      | Killed Ijyb
  2803 | D:4      | Learned a level 4 spell: Animate Dead
  2991 | Temple   | Entered the Ecumenical Temple
  2999 | Temple   | Became a worshipper of Gozag Ym Sagoz the Greedy
  3068 | D:5      | Entered Level 5 of the Dungeon
  3141 | D:5      | HP: 2/63 [ogre/+0 giant club (15)]
  3144 | D:5      | Reached skill level 6 in Necromancy
  3485 | D:5      | Reached XP level 8. HP: 19/72 MP: 14/16
  3809 | D:5      | Reached skill level 7 in Necromancy
  4027 | D:5      | Reached skill level 8 in Necromancy
  4741 | D:6      | Found a hide-covered altar of Uskayaw.
  4930 | D:6      | Reached skill level 9 in Necromancy
  5101 | D:6      | Found a radiant altar of Vehumet.
  5286 | D:6      | Found a burning altar of Makhleb.
  5686 | D:7      | Noticed a hornet
  5936 | D:7      | Noticed a yak
  5936 | D:7      | Noticed a yak
  5947 | D:7      | Gained mutation: You are agile. (Dex +4, Str/Int -1)
                  | [potion of mutation]
  5947 | D:7      | Gained mutation: You occasionally shout uncontrollably at
                  | your foes. [potion of mutation]
  5947 | D:7      | Gained mutation: You are very agile. (Dex +8, Str/Int -2)
                  | [potion of mutation]
  5947 | D:7      | Noticed a yak
  6140 | D:7      | Reached XP level 9. HP: 58/78 MP: 12/17
  6298 | D:6      | Paralysed by a hornet for 1 turns
  6594 | D:7      | Reached skill level 10 in Necromancy
  6606 | D:7      | HP: 3/78 [yak (11)]
  6608 | D:7      | Shot with an arrow by a centaur

Illustrated notes

Levels and vault maps discovered:
D:1:      erik_arrival_blinker_ship, layout_rooms, serial_shops, shop
D:2:      layout_loops_ring, minivault_4, uniq_sigmund, uniq_robin
D:3:      layout_loops_ring, shapermc_ecumenical_altar_mp_urbaneastern
D:4:      layout_cave_pools, minmay_temple_entry_statues_fountains,
          grunt_decor_one_mirror, uniq_ijyb
D:5:      layout_loops_ring
D:6:      layout_loops_ring, kennysheep_little_box, amcnicky_altar_gilded,
          mainiacjoe_overflow_chevrons, minmay_misc_feat_rows
D:7:      kennysheep_six_static_rooms, layout_gridville, corexii_hall_statues_x,
          hangedman_abyss_or_decor_slice, nicolae_fountain_basement
Temple:   nicolae_temple_two_arcs

Skill      XL: |  1  2  3  4  5  6  7  8  9 |
---------------+----------------------------+-----
Spellcasting   | 5 6 |  6.0
Fighting       | 1 3 |  3.9
Necromancy     | 6 9 10 | 10.0
Dodging        | |  1.5
Stealth        | |  3.0

Action                     |  1- 3 |  4- 6 |  7- 9 || total
---------------------------+-------+-------+-------++-------
  Melee: Unarmed           |     2 |    16 |       ||    18
         Short sword       |       |    59 |    34 ||    93
         Rapier            |       |       |   240 ||   240
         Punch             |       |       |     4 ||     4
   Cast: Necrotise         |    39 |    73 |    26 ||   138
 Invoke: Potion Petition   |       |       |     1 ||     1
Ability: Spit Poison       |     3 |     1 |     5 ||     9
  Evoke: Wand              |       |       |    10 ||    10
    Use: Scroll            |     2 |     2 |    12 ||    16
         Potion            |     1 |     6 |     6 ||    13
   Stab: Sleeping          |       |     2 |       ||     2
         Invisible         |       |     1 |       ||     1
 Armour: Robe              |     9 |    70 |     5 ||    84
         Chain mail        |       |       |   497 ||   497
  Dodge: Dodged            |     5 |    53 |    63 ||   121
  Block: Other             |       |       |    41 ||    41
         Reflection        |       |       |     1 ||     1
